AoeStats
← Placebo33

Fortress

510529591Analyzed
1v1 RM · 2d ago on Oct 1, 2026· 51m 43s· 2 players
Game mode
Random Map
Map size
Small (3 player)
Population
200
Speed
Normal
Resources
Standard
Victory
Conquest
Starting age
Dark Age
Ending age
Imperial Age
RankedLock teamsTeams togetherTeam positionsShared explorationLock speedFull tech treeHidden civsTurbo modeCheats
Victory
Defeat
🇺🇸 Berbers · United States
821
+14
🇫🇷 Franks · France
783
-14
Placebo33
7:45 Feudal Age
6:01 Loom
14:10 Castle Age
12:50 Gold Mining
12:55 Stone Mining
13:07 Stone Mining
14:13 Wheelbarrow
13:31 Double-Bit Axe
14:38 Scale Barding Armor
14:46 Forging
24:13 Scale Mail Armor
24:51 Iron Casting
25:10 Hand Cart
29:30 Imperial Age
26:47 Town Watch
29:40 Chain Barding Armor
29:34 Elite Throwing Axeman
30:36 Conscription
29:55 Pikeman
30:37 Squires
30:50 Halberdier
31:37 Husbandry
33:32 Bow Saw
35:27 Arson
36:36 Masonry
36:29 Murder Holes
36:25 Capped Ram
41:23 Siege Engineers
Hồ.Chí.Minh.4.the.Win
6:24 Feudal Age
8:29 Double-Bit Axe
8:54 Horse Collar
15:38 Castle Age
14:15 Bloodlines
14:27 Gold Mining
14:50 Scale Barding Armor
16:15 Stone Mining
18:36 Forging
19:16 Gold Shaft Mining
21:28 Chain Barding Armor
21:11 Husbandry
21:58 Forging
26:51 Imperial Age
24:39 Heavy Plow
25:40 Bow Saw
26:57 Wheelbarrow
27:01 Iron Casting
26:18 Fletching
26:55 Ballistics
26:48 Padded Archer Armor
28:25 Bodkin Arrow
29:41 Plate Barding Armor
29:36 Leather Archer Armor
29:47 Thumb Ring
30:21 Conscription
30:48 Hand Cart
30:42 Elite Genitour
33:26 Bracer
34:39 Ring Archer Armor
36:30 Blast Furnace
37:53 Heavy Camel Rider
41:11 Chemistry
47:00 Siege Engineers
49:21 Fortified Wall
Connection lost

Rejoining the realm…

Still unreachable

The connection could not be restored.

Session expired

The server has moved on; the page needs a fresh start.